 Dungeon Crawl Stone Soup version 0.28-a0-8-g6e044cfa68 (webtiles) character file.

Game seed: 10917897403633285260

39 Sobieck the Firebug (level 3, -8/26 HPs)
             Began as a Demigod Fire Elementalist on July 23, 2021.
             Mangled by an ogre (26 damage)
             ... on level 2 of the Dungeon.
             The game lasted 00:02:35 (1850 turns).

Sobieck the Firebug (Demigod Fire Elementalist)     Turns: 1850, Time: 00:02:36

Health: -8/26      AC:  2    Str:  9    XL:     3   Next: 13%
Magic:  1/8        EV: 12    Int: 21    God:
Gold:   37         SH:  0    Dex: 14    Spells: 5/6 levels left

rFire   . . .      SeeInvis .   d - +0 falchion {long}
rCold   . . .      Faith    .   (no shield)
rNeg    . . .      Spirit   .   a - +0 robe
rPois   .          Reflect  .   (no helmet)
rElec   .          Harm     .   (no cloak)
rCorr   .          Rampage  .   (no gloves)
Will    .....                   (no boots)
Stlth   ++........              (no amulet)
HPRegen 0.08/turn               (no ring)
MPRegen 0.11/turn               (no ring)

@: no status effects
A: high mp 1, forlorn
a: no special abilities


You were on level 2 of the Dungeon.
You visited 1 branch of the dungeon, and saw 2 of its levels.

You collected 37 gold pieces.


Innate Abilities, Weirdness & Mutations

Your attributes grow dramatically as you level up.
You have an increased reservoir of magic. (+10% MP)
You shall have no god before yourself.


   Skills:
 - Level 1.7 Dodging
 + Level 2.3 Stealth
 + Level 2.2 Spellcasting
 + Level 1.5 Conjurations
 + Level 3.0 Fire Magic


You had 5 spell levels left.
You knew the following spells:

 Your Spells              Type           Power      Damage    Failure   Level
a - Foxfire               Conj/Fire      48%        2x1d6     5%          1

Your spell library contained the following spells:

 Spells                   Type           Power      Damage    Failure   Level
 Conjure Flame            Conj/Fire      12%        6-21      17%         3
 Inner Flame              Hex/Fire       8%         N/A       22%         3
 Sticky Flame             Conj/Fire      12%        2d4       50%         4
 Fireball                 Conj/Fire      6%         3d5       83%         5

Inventory:

Hand Weapons
 d - a +0 falchion (weapon) {long}
   (You found it on level 1 of the Dungeon)
 l - a +2 whip of venom {mace}
   (You found it on level 1 of the Dungeon)
Missiles
 g - 3 stones {throwing}
Armour
 a - a +0 robe (worn)
Scrolls
 c - a scroll of teleportation {unknown}
 f - a scroll of identify {unknown}
 h - a scroll of fear {unknown}
 j - 2 scrolls of blinking {unknown}
Potions
 b - a potion of degeneration {unknown}
 e - a potion of attraction {unknown}
 i - a potion of ambrosia {unknown}
 k - a potion of brilliance {unknown}

Dungeon Overview and Level Annotations

Branches:
Dungeon (2/15)

#.. #.. #.. #.. #..
#.# #.g####### #.###
#.vO?....# #.#..
##v@####.#######.#.#
#vvv.........##.#.#
##.###.#####.##.#.#
#.# #. #.##.#.# #.#
#. #...<..# #.# #.
######## #.# #. #.#
#. #.


You could see an ogre (ally target) and a goblin (ally target).


Message History

You are poisoned.
The adder poisons you! The adder completely misses you.
You riposte.
You hit the adder. 😮 HP[-2]
You take 2 damage, and now have 11/20 hp.
You feel sick. 😨 HP[-1]
You take 1 damage, and now have 10/20 hp.
Casting: Foxfire (safe; 8% risk of failure)
Confirm with . or Enter, or press ? or * to list all spells.
You conjure some foxfire!
You feel sick. The adder bites you.
* * * LOW HITPOINT WARNING * * *
The adder bites you.
* * * LOW HITPOINT WARNING * * *
You are lethally poisoned!
The adder poisons you! 😱 HP[-5] MP[-1]
You take 5 damage, and now have 5/20 hp.
MASSIVE DAMAGE!! (PAUSE)
You lost 1 mp, and now have 6/7 mp.
You closely miss the adder.
* * * LOW HITPOINT WARNING * * *
You feel sick.
The foxfire hits the adder.
You kill the adder!
You have reached level 3!
Your experience leads to a dramatic increase in your attributes!
Increase (S)trength, (I)ntelligence, or (D)exterity?
You feel clever. x4 😱 HP[-1]
You now have 26 max hp (+6).
You start resting.
* * * LOW HITPOINT WARNING * * *
You feel sick.
* * * LOW HITPOINT WARNING * * *
You feel sick.
* * * LOW HITPOINT WARNING * * *
You feel sick.
* * * LOW HITPOINT WARNING * * *
You feel sick.
You are no longer poisoned. 😱 HP[-2] MP[+2]
You take 2 damage, and now have 2/26 hp.
Your mp is fully restored (8).
You start resting. 😎 HP[+24]
Your hp is fully restored (26).
Unknown command.
There is a stone staircase leading up here.
You now have 37 gold pieces (gained 12).
Found a stone staircase leading down.
j - 2 scrolls labelled CUNTUEFIPU (gained 1)
A hobgoblin comes into view.
The hobgoblin shouts!
You see here a scroll labelled XUNUHA KATH.
An ogre comes into view. It is wielding a +0 giant club.
The ogre shouts!
You hear an angry hiss.
You conjure some foxfire! 😎 MP[-1]
You lost 1 mp, and now have 7/8 mp.
You conjure some foxfire!
The foxfire hits the hobgoblin.
The foxfire hits the ogre. 😎 MP[-1]
You lost 1 mp, and now have 6/8 mp.
You conjure some foxfire!
The foxfire hits the hobgoblin. x2
You kill the hobgoblin!
The ogre hits you with a +0 giant club!
A goblin comes into view.
It is wielding a +0 dagger. 😮 HP[-9] MP[-1]
You take 9 damage, and now have 17/26 hp.
MASSIVE DAMAGE!! (PAUSE)
You lost 1 mp, and now have 5/8 mp.
You are too injured to fight recklessly!
You are too injured to fight recklessly!
Casting: Foxfire (safe; 5% risk of failure)
Confirm with . or Enter, or press ? or * to list all spells.
You conjure some foxfire!
The foxfire hits the ogre.
The foxfire hits the ogre but does no damage.
The ogre barely misses you. 😮 HP[+1] MP[-1]
You lost 1 mp, and now have 4/8 mp.
Unknown command.
Casting: Foxfire (safe; 5% risk of failure)
Confirm with . or Enter, or press ? or * to list all spells.
You conjure some foxfire!
The foxfire hits the ogre. x2
The ogre barely misses you. 😮 MP[-1]
You lost 1 mp, and now have 3/8 mp.
Unknown command.
Casting: Foxfire (safe; 5% risk of failure)
Confirm with . or Enter, or press ? or * to list all spells.
You conjure some foxfire!
The foxfire hits the ogre. 😮 MP[-1]
You lost 1 mp, and now have 2/8 mp.
Unknown command.
Casting: Foxfire (safe; 5% risk of failure)
Confirm with . or Enter, or press ? or * to list all spells.
You conjure some foxfire!
The ogre hits you with a +0 giant club!!
Ouch! That really hurt!
You die...

Skill      XL: |  1  2 |
---------------+-------+-----
Conjurations   | 1 |  1.5
Stealth        | 2 |  2.3
Spellcasting   | 2 |  2.2
Fire Magic     | 3 |  3.0
Dodging        | |  1.7

Action                   || total
-------------------------++-------
Melee: Falchion          ||    17
 Cast: Foxfire           ||    43
 Stab: Sleeping          ||     2
Armor: Robe              ||     2
Dodge: Dodged            ||    20
       Rpst.: Falchion   ||     9

Levels and vault maps discovered:
D:1:      lemuel_arrival_broad_hall, layout_basic,
          dreamdust_ecumenical_altar_angels_and_demons
D:2:      layout_basic

Notes
Turn   | Place    | Note
-------+----------+-------------------------------------------
     0 | D:1      | Sobieck the Demigod Fire Elementalist began the quest for
                  | the Orb.
     0 | D:1      | Reached XP level 1. HP: 14/14 MP: 5/5
     0 | D:1      | magus.rc [v1.9.6]
    17 | D:1      | Reached skill level 1 in Conjurations
   206 | D:1      | Reached skill level 2 in Stealth
   291 | D:1      | Reached skill level 2 in Spellcasting
   315 | D:1      | Reached XP level 2. HP: 20/20 MP: 1/7
   993 | D:1      | Reached skill level 3 in Fire Magic
  1505 | D:2      | HP: 5/20 [adder (3)]
  1507 | D:2      | Reached XP level 3. HP: 4/26 MP: 6/8
  1508 | D:2      | HP: 2/26 [poisoned by an adder]
  1843 | D:2      | Noticed an ogre
  1850 | D:2      | Mangled by an ogre

Vanquished Creatures
  An adder (D:2)
  A dart slug (D:1)
  2 giant cockroaches (D:1)
  A goblin (D:1)
  8 hobgoblins
  3 jackals (D:1)
  A kobold (D:1)
  A quokka (D:1)
  A ball python (D:1)
  3 frilled lizards (D:1)
  3 rats (D:1)
25 creatures vanquished.

Vanquished Creatures (others)
  72 foxfires
72 creatures vanquished.

Grand Total: 97 creatures vanquished

Table legend:
 A = Non-vault XP
 B = Vault XP
 C = Vault XP percentage of total XP
 D = Non-vault monster count
 E = Vault monster count
 F = Vault count percentage of total count
                 A         B        C        D         E       F
            +---------+---------+-------+---------+---------+-------
      Total |      57 |       0 |   0.0 |      25 |       0 |   0.0
            +---------+---------+-------+---------+---------+-------
        D:1 |      41 |       0 |   0.0 |      23 |       0 |   0.0
        D:2 |      16 |       0 |   0.0 |       2 |       0 |   0.0
            +---------+---------+-------+---------+---------+-------

Illustrated notes

Table legend:
 A = Kills in this place as a percentage of kills in entire the game.
 B = Kills by you in this place as a percentage of kills by you in the entire game.
 C = Kills by friends in this place as a percentage of kills by friends in the entire game.
 D = Other kills in this place as a percentage of other kills in the entire game.
 E = Experience gained in this place as a percentage of experience gained in the entire game.
 F = Experience gained in this place divided by the number of levels of this place that you have seen.
                   A       B       C       D       E      F
               +-------+-------+-------+-------+-------+----------------------
         Total | 100.0 | 100.0 |   N/A |   N/A | 100.0 |  28.5
       Dungeon | 100.0 | 100.0 |   N/A |   N/A | 100.0 |  28.5
               +-------+-------+-------+-------+-------+----------------------

Table legend: (Time is in decaauts)
 A = Elapsed time spent in this place.
 B = Non-inter-level travel time spent in this place.
 C = Inter-level travel time spent in this place.
 D = Time resting spent in this place.
 E = Time spent auto-exploring this place.
 F = Levels seen in this place.
 G = Mean time per level.
                   A        B        C        D        E       F      G
               +--------+--------+--------+--------+--------+-----+--------+
         Total |   1854 |   1840 |     14 |    612 |   1065 |   2 |  927.0 |
       Dungeon |   1854 |   1840 |     14 |    612 |   1065 |   2 |  927.0 |
               +--------+--------+--------+--------+--------+-----+--------+

Top non-repeatable levels by time:
     D:1: 1498 daAuts
     D:2: 355 daAuts
